 Dungeon Crawl Stone Soup version 0.30-a0-883-g5ad918d77d (webtiles) character file.

Game seed: 11807786277176881695

14179 Pooter the Basher (level 11, -7/104 HPs)
             Began as a Minotaur Berserker on Mar 17, 2023.
             Was an Elder of Trog.
             Succumbed to Amaemon's curare
             ... on level 1 of the Lair of Beasts.
             The game lasted 00:51:00 (11707 turns).

Pooter the Basher (Minotaur Berserker)             Turns: 11707, Time: 00:51:01

Health: -7/104     AC: 15    Str: 24    XL:     11   Next: 85%
Magic:  10/10      EV:  7    Int:  6    God:    Trog [****..]
Gold:   59         SH:  0    Dex: 10    Spells: 10/10 levels left

rFire   + . .      SeeInvis .    a - +0 dire flail (heavy)
rCold   . . .      Faith    .    (shield currently unavailable)
rNeg    . . .      Spirit   .    R - +0 plate armour
rPois   .          Reflect  .    y - +0 hat
rElec   .          Rampage  .    x - +0 cloak
rCorr   +                        (no gloves)
Will    .....                    K - +0 pair of boots Stlth
                                 (no amulet)
HPRegen 0.37/turn                F - ring of protection from fire
MPRegen 0.12/turn                C - ring of resist corrosion

@: lethally poisoned (-7 -> -45), slowed, very slow
A: horns 2, retaliatory headbutt
a: Renounce Religion, Berserk, Trog's Hand, Brothers in Arms


You were on level 1 of the Lair of Beasts.
You worshipped Trog.
Trog was greatly pleased with you.
You visited 2 branches of the dungeon, and saw 11 of its levels.
You also visited: Sewer.

You collected 591 gold pieces.
You spent 532 gold pieces at shops.

Inventory:

Hand Weapons
 a - a +0 heavy dire flail (weapon)
   (You took it off Edmund on level 5 of the Dungeon)
 b - a +0 shortbow
   (You took it off a centaur on level 8 of the Dungeon)
 D - a +0 trident of protection
   (You took it off an orc on level 3 of the Dungeon)
 H - a +0 flail of holy wrath
   (You found it on level 5 of the Dungeon)
 T - a +5 halberd of freezing
   (You took it off a wight on level 8 of the Dungeon)
Missiles
 j - 37 poisoned darts
 w - 4 boomerangs (quivered)
 O - 5 curare-tipped darts
 Q - 82 stones
 S - a throwing net {!f}
Armour
 x - a +0 cloak (worn)
   (You found it on level 3 of the Dungeon)
 y - a +0 hat (worn)
   (You took it off Gastronok on level 1 of the Lair of Beasts)
 K - a +0 pair of boots (worn)
   (You found it on level 5 of the Dungeon)
 R - a +0 plate armour (worn)
   (You took it off an orc warrior on level 8 of the Dungeon)
Jewellery
 C - a ring of resist corrosion (right hand)
   (You found it on level 10 of the Dungeon)
 F - a ring of protection from fire (left hand)
   (You found it on level 9 of the Dungeon)
Wands
 f - a wand of flame (33)
   (You took it off a goblin on level 7 of the Dungeon)
 h - a wand of polymorph (7)
   (You took it off Sigmund on level 2 of the Dungeon)
 n - a wand of roots (6)
   (You took it off a goblin on level 2 of the Dungeon)
Scrolls
 g - 3 scrolls of immolation {!r}
 i - a scroll of fear {unknown}
 k - 2 scrolls of magic mapping
 o - 2 scrolls of silence
 q - a scroll of torment {unknown}
 r - a scroll of poison {!r}
 t - 6 scrolls of teleportation {@r4}
 u - 4 scrolls of vulnerability {!r}
 v - a scroll of enchant weapon
 A - 2 scrolls of blinking
 L - a scroll of acquirement {unknown}
Potions
 c - a potion of attraction {unknown}
 d - 6 potions of might
 e - 3 potions of flight
 l - 2 potions of cancellation
 m - 2 potions of mutation {!q}
 p - 2 potions of magic {unknown}
 s - 3 potions of lignification {!q}
 B - 7 potions of heal wounds {@q2}
 E - 2 potions of resistance
 I - 3 potions of invisibility
 J - 2 potions of ambrosia {unknown}
 M - 2 potions of haste {unknown}
 N - 4 potions of curing {@q1}


   Skills:
 + Level 12.0 Fighting
 - Level 7.8(11.6) Axes
 - Level 13.1(14.0) Maces & Flails
 - Level 2.2(5.4) Polearms
 * Level 9.0 Ranged Weapons
 + Level 6.6 Armour
 - Level 2.1 Dodging
 + Level 4.5 Evocations


You had 10 spell levels left.
You didn't know any spells.
Your spell library was empty.

Dungeon Overview and Level Annotations

Branches:
Dungeon (10/15)            Temple (0/1) D:7            Lair (1/5) D:10
  Sewer (visited)
    Orc: D:9-12

Altars:
Dithmenos
Fedhas
Kikubaaqudgha
Nemelex Xobeh
Okawaru
Qazlal
Vehumet
Yredelemnul
Zin
The Shining One

Shops:
D:5 (   D:8 !   D:10 !

Annotations:
Lair:1 Amaemon


Innate Abilities, Weirdness & Mutations

You have a pair of horns on your head.
You reflexively headbutt those who attack you in melee.


Message History

The grasping roots constrict Amaemon.
The roots release their grip on Amaemon.
Amaemon mumbles some strange words.
The orange demon stings you. The orange demon hits you.
You puncture Amaemon!
Amaemon hits you with the +8 whip "Snakebite" {venom, curare, rPois}.
You are poisoned.
You are more poisoned.
You have difficulty breathing.
You feel yourself slow down. Amaemon claws you but does no damage.
Amaemon tail-slaps you but does no damage.
The orange demon stings you!
You are more poisoned.
You have difficulty breathing.
You feel as though you will be slow longer.
The orange demon hits you but does no damage.
You hit Amaemon but do no damage.
You feel extremely sick. The orange demon stings you!
* * * LOW HITPOINT WARNING * * *
You are more poisoned.
You have difficulty breathing.
* * * LOW HITPOINT WARNING * * *
You feel as though you will be slow longer.
The orange demon hits you but does no damage.
Amaemon hits you with the +8 whip "Snakebite" {venom, curare, rPois}!
* * * LOW HITPOINT WARNING * * *
You are more poisoned.
You have difficulty breathing.
* * * LOW HITPOINT WARNING * * *
You feel as though you will be slow longer.
Amaemon barely misses you.
Amaemon tail-slaps you but does no damage.
The scorpion stings you but does no damage.
You completely miss Amaemon. You headbutt Amaemon.
* * * LOW HITPOINT WARNING * * *
You feel extremely sick. The scorpion barely misses you.
The orange demon stings you.
* * * LOW HITPOINT WARNING * * *
The orange demon hits you but does no damage.
Amaemon gestures at the scorpion while chanting.
The scorpion seems to grow toxic.
The scorpion stings you but does no damage. x2
The orange demon stings you but does no damage.
The orange demon hits you but does no damage.
Amaemon gestures at the scorpion while chanting.
The scorpion seems to grow toxic.
Unknown command.
You closely miss Amaemon. You headbutt Amaemon, but do no damage.
You die...

##.........#
...........##
............#
............##
.............#
.............#
......46s...#
......s@....# #
.......$....# #
............# #######
............######P.#...
........................
...............#........
..........>.†####.....†.
#.#####.......##........
## ##.....####.......


You could see Amaemon, an orange demon (curare) and 2 scorpions.

Vanquished Creatures
  Gastronok (Lair:1)
  2 two-headed ogres
  3 death yaks
  Pikel (D:6)
  A komodo dragon (D:10)
  An unseen horror (D:10)
  2 hornets
  Prince Ribbit (D:5)
  A troll (D:10)
  Sigmund (D:2)
  15 yaks
  A wyvern (D:7)
  Eustachio (D:5)
  4 vampire mosquitoes (D:7)
  2 steam dragons
  Edmund (D:5)
  4 water moccasins
  2 orc warriors (D:8)
  An ice beast (D:5)
  A black bear (D:8)
  A sky beast (D:7)
  6 ogres
  3 centaurs
  A phantom (D:6)
  A lemure (D:6)
  5 kobold brigands
  4 bullfrogs
  3 scorpions
  2 gnoll sergeants
  4 wights (D:8)
  22 killer bees
  5 howler monkeys
  2 jellies
  6 orc priests
  3 hounds (D:5)
  A gnoll bouda (D:9)
  3 sleepcaps
  2 iguanas
  5 orc wizards
  21 gnolls
  8 adders
  2 river rats (Sewer)
  3 white imps
  An ufetubus (D:5)
  3 dart slugs
  19 orcs
  2 endoplasms
  2 giant cockroaches
  14 goblins
  4 hobgoblins
  4 jackals
  32 kobolds
  2 quokkas (D:4)
  11 ball pythons
  2 bats (D:2)
  6 frilled lizards
  5 rats
266 creatures vanquished.

Vanquished Creatures (others)
  A wight (D:8)
  A killer bee (D:10)
  An orc wizard (D:8)
  5 plants (Sewer)
8 creatures vanquished.

Grand Total: 274 creatures vanquished

Notes
Turn   | Place    | Note
-------+----------+-------------------------------------------
     0 | D:1      | Pooter the Minotaur Berserker began the quest for the Orb.
     0 | D:1      | Reached XP level 1. HP: 19/19 MP: 0/0
   220 | D:1      | Reached XP level 2. HP: 19/27 MP: 1/1
   600 | D:2      | Noticed Sigmund
   607 | D:2      | Killed Sigmund
   608 | D:2      | Reached skill level 5 in Fighting
   608 | D:2      | Reached XP level 3. HP: 36/36 MP: 2/2
   608 | D:2      | Reached XP level 4. HP: 42/42 MP: 3/3
   608 | D:2      | Reached XP level 5. HP: 48/48 MP: 4/4
  1089 | D:2      | Found a faded altar of an unknown god.
  1225 | D:2      | Noticed Terence
  1227 | D:2      | Terence changed into Terence the goblin
  1227 | D:2      | Noticed Terence
  1231 | D:2      | Killed Terence the goblin
  1713 | D:3      | Reached ** piety under Trog
  1714 | D:3      | Reached skill level 1 in Ranged Weapons
  1722 | D:3      | Reached XP level 6. HP: 31/56 MP: 5/5
  1728 | D:3      | Reached skill level 1 in Maces & Flails
  2515 | D:4      | Found a basalt altar of Yredelemnul.
  2526 | D:4      | Found a shadowy altar of Dithmenos.
  2752 | D:4      | Found a glowing drain.
  2756 | Sewer    | Entered a sewer
  2825 | Sewer    | Reached skill level 1 in Polearms
  3056 | Sewer    | Reached XP level 7. HP: 48/62 MP: 6/6
  3407 | D:4      | Found an ancient bone altar of Kikubaaqudgha.
  3774 | D:5      | Entered Level 5 of the Dungeon
  3774 | D:5      | Noticed Edmund
  3784 | D:5      | Killed Edmund
  3868 | D:5      | Found Ukka's Antique Weapon Shop.
  3874 | D:5      | Reached skill level 2 in Maces & Flails
  3897 | D:5      | Noticed Eustachio
  3903 | D:5      | Killed Eustachio
  3904 | D:5      | Reached skill level 3 in Maces & Flails
  3904 | D:5      | Reached XP level 8. HP: 69/71 MP: 7/7
  3907 | D:5      | Reached skill level 4 in Maces & Flails
  4109 | D:5      | Reached skill level 5 in Maces & Flails
  4203 | D:5      | Reached *** piety under Trog
  4279 | D:5      | Reached skill level 6 in Maces & Flails
  4425 | D:5      | Noticed Prince Ribbit
  4431 | D:5      | Killed Prince Ribbit
  4432 | D:5      | Reached skill level 7 in Maces & Flails
  4533 | D:6      | Noticed Pikel
  4541 | D:6      | Killed Pikel
  4542 | D:6      | Reached skill level 8 in Maces & Flails
  4542 | D:6      | Reached XP level 9. HP: 82/82 MP: 8/8
  4794 | D:6      | Reached skill level 9 in Maces & Flails
  5105 | D:6      | Found a sparkling altar of Nemelex Xobeh.
  5375 | D:6      | Reached skill level 10 in Maces & Flails
  5456 | D:6      | Found a blossoming altar of Fedhas.
  5560 | D:7      | Found a staircase to the Ecumenical Temple.
  5718 | D:7      | Found a radiant altar of Vehumet.
  5879 | D:7      | Reached skill level 10 in Fighting
  5879 | D:7      | Reached skill level 11 in Maces & Flails
  6273 | D:7      | Found an iron altar of Okawaru.
  6278 | D:7      | Reached XP level 10. HP: 93/93 MP: 9/9
  6625 | D:8      | Found a glowing golden altar of the Shining One.
  7130 | D:8      | Reached skill level 12 in Maces & Flails
  7281 | D:8      | Found a stormy altar of Qazlal.
  7370 | D:8      | Found Mahykev's Distillery.
  7377 | D:8      | Bought a potion of might for 56 gold pieces
  7377 | D:8      | Bought a potion of resistance for 140 gold pieces
  7377 | D:8      | Bought a potion of might for 56 gold pieces
  7377 | D:8      | Bought a potion of invisibility for 112 gold pieces
  7377 | D:8      | Bought a potion of degeneration for 14 gold pieces
  7424 | D:8      | Reached skill level 1 in Evocations
  7453 | D:8      | Found an iron altar of Okawaru.
  7688 | D:8      | Reached **** piety under Trog
  8193 | D:9      | Reached skill level 5 in Ranged Weapons
  9103 | D:9      | Found a glowing silver altar of Zin.
  9146 | D:9      | Noticed a two-headed ogre
  9152 | D:9      | Killed a two-headed ogre
  9631 | D:10     | Entered Level 10 of the Dungeon
  9633 | D:10     | Noticed a death yak
  9634 | D:10     | Found a staircase to the Lair.
  9645 | D:9      | Killed a death yak
  9646 | D:9      | Reached XP level 11. HP: 102/102 MP: 10/10
  9664 | D:10     | Noticed a death yak
  9961 | D:10     | Noticed a death yak
  9970 | D:9      | Killed a death yak
  9971 | D:9      | Reached skill level 5 in Armour
 10328 | D:10     | Killed a death yak
 10682 | D:10     | Reached skill level 13 in Maces & Flails
 10736 | D:10     | Noticed a two-headed ogre
 10742 | D:10     | Killed a two-headed ogre
 11058 | D:10     | Found Cepneraeve's Distillery.
 11066 | D:10     | Bought a potion of cancellation for 112 gold pieces
 11066 | D:10     | Bought a potion of curing for 42 gold pieces
 11479 | Lair:1   | Entered Level 1 of the Lair of Beasts
 11489 | Lair:1   | Noticed Gastronok
 11504 | Lair:1   | Killed Gastronok
 11695 | Lair:1   | Noticed Amaemon
 11706 | Lair:1   | HP: 4/104 [orange demon[Amaemon] (4)]
 11707 | Lair:1   | Succumbed to Amaemon's curare

Illustrated notes

Levels and vault maps discovered:
D:1:      dpeg_arrival_rooms_c, layout_basic, minmay_misc_feat_hallway
D:2:      layout_basic, hellmonk_ecumenical_altar_blasted, uniq_sigmund,
          uniq_terence
D:3:      layout_basic
D:4:      layout_rooms, pf_just_have_faith, mainiacjoe_overflow_large_starburst,
          gup_sewer_entry_bowl, minmay_ogre_servants
D:5:      layout_rooms, serial_shops,
          nicolae_shop_temple_entry_statues_fountains, uniq_eustachio,
          uniq_prince_ribbit1, uniq_edmund
D:6:      layout_basic, kennysheep_mini, mainiacjoe_overflow_alcove_4,
          uniq_pikel
D:7:      layout_basic, vehumet_altar_wand_db, minmay_temple_entry_glass,
          minivault_24, david_defended_altar_orc
D:8:      layout_basic, nicolae_qazlal_general_emergency,
          mainiacjoe_overflow_catch_the_wave, serial_shops, nicolae_shop_trees,
          minmay_misc_feat_rows, hangedman_decor_lopped
D:9:      layout_roguey, zin_scriptorium
D:10:     layout_irregular_city, dpeg_lair_monsters, serial_shops,
          nicolae_stop_n_shop_1
Lair:1:   layout_cave_pods, uniq_gastronok, uniq_amaemon

Skill      XL: |  1  2  3  4  5  6  7  8  9 10 11 |
---------------+----------------------------------+-----
Axes           | 4 6 7 |  7.8
Fighting       | 5 6 8 10 11 12 | 12.0
Ranged Weapons | 1 3 6 9 |  9.0
Maces & Flails | 1 3 8 11 12 13 | 13.1
Polearms       | 1 2 |  2.2
Armour         | 4 6 |  6.6
Evocations     | 2 4 |  4.5
Dodging        | |  2.1

Action                     |  1- 3 |  4- 6 |  7- 9 | 10-12 || total
---------------------------+-------+-------+-------+-------++-------
  Melee: Hand axe          |    29 |       |       |       ||    29
         Headbutt          |     3 |    11 |    16 |    53 ||    83
         Unarmed           |     4 |     2 |       |       ||     6
         Flail             |       |    31 |       |       ||    31
         Trident           |       |    77 |    25 |       ||   102
         Dire flail        |       |       |    84 |   281 ||   365
   Fire: Sling             |       |    81 |    47 |    11 ||   139
         Shortbow          |       |       |       |    26 ||    26
  Throw: Dart              |       |       |     4 |     7 ||    11
         Boomerang         |       |       |       |     4 ||     4
 Invoke: Berserk           |     1 |     1 |     6 |     9 ||    17
         Trog's Hand       |       |     3 |     1 |     8 ||    12
  Evoke: Wand              |       |     3 |     2 |    23 ||    28
    Use: Scroll            |     2 |     3 |     1 |    10 ||    16
 Armour: Animal skin       |     8 |     3 |       |       ||    11
         Skin              |     1 |       |       |       ||     1
         Scale mail        |       |    47 |     4 |       ||    51
         Chain mail        |       |       |    71 |    30 ||   101
         Plate armour      |       |       |       |   166 ||   166
  Dodge: Dodged            |    28 |    80 |    68 |    93 ||   269

Table legend: (Time is in decaauts)
 A = Elapsed time spent in this place.
 B = Non-inter-level travel time spent in this place.
 C = Inter-level travel time spent in this place.
 D = Time resting spent in this place.
 E = Time spent auto-exploring this place.
 F = Levels seen in this place.
 G = Mean time per level.
                   A        B        C        D        E       F      G
               +--------+--------+--------+--------+--------+-----+--------+
         Total |  12056 |  11830 |    226 |   2336 |   7569 |  12 | 1004.7 |
       Dungeon |  11098 |  10872 |    226 |   2315 |   6848 |  10 | 1109.8 |
          Lair |    234 |    234 |      0 |     12 |    155 |   1 |  234.0 |
         Sewer |    724 |    724 |      0 |      9 |    565 |   1 |  724.0 |
               +--------+--------+--------+--------+--------+-----+--------+

Top non-repeatable levels by time:
     D:9: 2177 daAuts
    D:10: 1435 daAuts
     D:8: 1299 daAuts
     D:7: 1158 daAuts
     D:3: 1104 daAuts
     D:6: 1005 daAuts
     D:2: 861 daAuts
     D:5: 774 daAuts
   Sewer: 724 daAuts
     D:4: 695 daAuts
     D:1: 585 daAuts
  Lair:1: 234 daAuts
